[Event "ICC tourney 2834 (40 10)"]
[Site "Internet Chess Club"]
[Date "2022.02.26"]
[Round "1"]
[White "TOPA, RONALD:RonTopa"]
[Black "VIJAYABHARATHI, SACHIN:sachinv24"]
[Result "1-0"]
[ICCResult "Black checkmated"]
[WhiteElo "1228"]
[BlackElo "320"]
[Opening "Queen's pawn: Charlick (Englund) gambit"]
[ECO "A40"]
[NIC "QO.17"]
[Time "11:00:38"]
[PlyCount "115"]
[TimeControl "2400+10"]

1. d4 e5 2. dxe5 Nc6 3. Nf3 Bb4+ 4. Bd2 Bxd2+ 5. Qxd2 d6 6. exd6 Qxd6 7.
Qxd6 cxd6 8. Nc3 Nb4 9. O-O-O Be6 10. Kb1 O-O-O 11. Nd4 Bf5 12. Nxf5 Nh6 13.
Nxd6+ Kc7 14. Ndb5+ Kc8 15. e3 Rxd1+ 16. Nxd1 Rd8 17. Bd3 Nxd3 18. cxd3 Rxd3
19. Ndc3 Nf5 20. Nxa7+ Kb8 21. Nab5 Ne7 22. Rd1 Rxd1+ 23. Nxd1 Nd5 24. Ndc3
Nxc3+ 25. Nxc3 h5 26. Kc2 g5 27. Kd3 g4 28. Ke4 Kc7 29. Kf5 Kd6 30. Kg5 f6+
31. Kxh5 f5 32. g3 Ke5 33. Kg5 b6 34. b4 f4 35. gxf4+ Kd6 36. Kxg4 b5 37.
Nxb5+ Kc6 38. Nd4+ Kd6 39. h4 Kd5 40. f5 Ke4 41. h5 Kd3 42. a4 Kc3 43. b5
Kb4 44. f6 Kxa4 45. b6 Kb4 46. b7 Kc3 47. b8=Q Kd2 48. Qc8 Ke1 49. f4 Kf2
50. f7 Kxe3 51. Nf3 Ke4 52. f8=Q Ke3 53. Qe6+ Kd3 54. Qfe8 Kc2 55. Qd8 Kc3
56. Qc6+ Kb4 57. Qb8+ Ka5 58. Qcb5# {Black checkmated} 1-0

[Event "ICC tourney 2834 (40 10)"]
[Site "Internet Chess Club"]
[Date "2022.02.26"]
[Round "1"]
[White "Li, Ethan:CloudyCute"]
[Black "CAO, DANIEL:danielcao"]
[Result "0-1"]
[ICCResult "White resigns"]
[WhiteElo "811"]
[BlackElo "1318"]
[Opening "Sicilian defense"]
[ECO "B30"]
[NIC "SI.31"]
[Time "11:00:35"]
[PlyCount "68"]
[TimeControl "2400+10"]

1. e4 c5 2. Nf3 Nc6 3. Bc4 e6 4. Nc3 Nge7 5. d4 d5 6. exd5 exd5 7. Bb5 Bg4
8. h3 Bxf3 9. Qxf3 cxd4 10. Bxc6+ bxc6 11. Ne2 Ng6 12. Nxd4 Rc8 13. O-O Be7
14. Re1 O-O 15. Nf5 Bf6 16. Ng3 Nh4 17. Qe3 Qd7 18. Qd3 Rfe8 19. Rxe8+ Rxe8
20. Bd2 Bxb2 21. Rb1 Bf6 22. Nh5 Bd8 23. Ba5 Bxa5 24. Qg3 Nf5 25. Nf6+ Kh8
26. Nxd7 Nxg3 27. fxg3 f6 28. Nb8 Bb6+ 29. Kh2 Rxb8 30. a4 Bc7 31. Rxb8+
Bxb8 32. Kg1 Bxg3 33. Kf1 Kg8 34. Ke2 Be5 {White resigns} 0-1

[Event "ICC tourney 2834 (40 10)"]
[Site "Internet Chess Club"]
[Date "2022.02.26"]
[Round "1"]
[White "Li, Aaron:WindySmart"]
[Black "YUAN, DAVID:David1250"]
[Result "0-1"]
[ICCResult "White checkmated"]
[WhiteElo "687"]
[BlackElo "1293"]
[Opening "Giuoco Piano: four knights variation"]
[ECO "C55"]
[NIC "IG.01"]
[Time "11:00:30"]
[PlyCount "54"]
[TimeControl "2400+10"]

1. e4 e5 2. Nf3 Nc6 3. Bc4 Nf6 4. Nc3 Bc5 5. a3 O-O 6. d3 h6 7. O-O d6 8. h3
Re8 9. b4 Bb6 10. Bb2 Be6 11. Bxe6 Rxe6 12. b5 Nd4 13. a4 d5 14. exd5 Nxd5
15. Nxd5 Qxd5 16. Nxd4 exd4 17. Re1 Rg6 18. g4 h5 19. f3 f5 20. Kh2 fxg4 21.
fxg4 hxg4 22. hxg4 c6 23. bxc6 Bc7+ 24. Kg1 Rh6 25. cxb7 Rh1+ 26. Kf2 Rf8+
27. Ke2 Rh2# {White checkmated} 0-1

[Event "ICC tourney 2834 (40 10)"]
[Site "Internet Chess Club"]
[Date "2022.02.26"]
[Round "1"]
[White "ZHOU, ALEXANDER ZHENG:Lailaiking"]
[Black "FILOSOFOV, VASILII:Filosofov"]
[Result "0-1"]
[ICCResult "White checkmated"]
[WhiteElo "1109"]
[BlackElo "1379"]
[Opening "French: exchange variation"]
[ECO "C01"]
[NIC "FR.01"]
[Time "11:00:35"]
[PlyCount "64"]
[TimeControl "2400+10"]

1. e4 e6 2. d4 d5 3. exd5 exd5 4. Nf3 Nc6 5. Bf4 Bd6 6. Bxd6 Qxd6 7. c3 Nf6
8. Nbd2 O-O 9. Be2 Bg4 10. O-O Rfe8 11. h3 Bh5 12. Re1 Re7 13. Bb5 Rae8 14.
Bxc6 Rxe1+ 15. Qxe1 Rxe1+ 16. Rxe1 Qxc6 17. Re5 Bg6 18. Re1 h6 19. Ne5 Qe6
20. Nef3 Qf5 21. Rc1 Qd3 22. Re1 Ne4 23. Nxe4 dxe4 24. Ne5 Qd2 25. Re3 Qxb2
26. Nxg6 fxg6 27. Rxe4 Qxc3 28. Re7 Qxd4 29. Rxc7 Qd5 30. Rc2 b5 31. Rb2 a5
32. Kf1 Qd1# {White checkmated} 0-1

[Event "ICC tourney 2834 (40 10)"]
[Site "Internet Chess Club"]
[Date "2022.02.26"]
[Round "1"]
[White "YANG, JON:K05-16665853"]
[Black "JAIN, PARINYA:StockAlpha2020"]
[Result "0-1"]
[ICCResult "White checkmated"]
[WhiteElo "1153"]
[BlackElo "1478"]
[Opening "Giuoco Piano"]
[ECO "C50"]
[NIC "IG.02"]
[Time "11:00:47"]
[PlyCount "114"]
[TimeControl "2400+10"]

1. e4 e5 2. Nf3 Nc6 3. Bc4 Bc5 4. O-O Nf6 5. d4 Bxd4 6. Nxd4 Nxd4 7. Bg5 h6
8. Bh4 d6 9. f4 Bg4 10. Qd2 Nxe4 11. Bxd8 Nxd2 12. Nxd2 Rxd8 13. fxe5 O-O
14. exd6 Rxd6 15. Bd3 Nxc2 16. Bxc2 Rxd2 17. Rac1 c6 18. Rfe1 Rfd8 19. Re7
Bd1 20. Bf5 Rxb2 21. a3 g6 22. Bd7 Bb3 23. Rce1 Bd5 24. Bh3 Ba2 25. g3 Bd5
26. Bf1 Be6 27. Re2 Rxe2 28. Bxe2 Rc8 29. Rxb7 c5 30. Rb1 c4 31. Rc1 c3 32.
Bd3 Bb3 33. Kf2 a5 34. Ke3 f5 35. Kd4 c2 36. Ke3 Kf7 37. Kd2 Rd8 38. Kc3 a4
39. Bxc2 Rc8+ 40. Kd2 Bxc2 41. Rxc2 Rxc2+ 42. Kxc2 g5 43. Kc3 Ke6 44. Kd4
Kd6 45. h3 h5 46. Kc4 Ke5 47. Kb4 f4 48. gxf4+ gxf4 49. Kxa4 f3 50. Kb5 f2
51. a4 f1=Q+ 52. Kb6 Qxh3 53. a5 Qb3+ 54. Ka7 h4 55. a6 h3 56. Ka8 h2 57. a7
h1=B# {White checkmated} 0-1

[Event "ICC tourney 2834 (40 10)"]
[Site "Internet Chess Club"]
[Date "2022.02.26"]
[Round "1"]
[White "Nagarajan, Ramesh:rnagaraj"]
[Black "ZIESLER, GAVIN:GavinZ"]
[Result "1-0"]
[ICCResult "Black checkmated"]
[WhiteElo "1282"]
[BlackElo "460"]
[Opening "King's gambit"]
[ECO "C30"]
[NIC "KG.05"]
[Time "11:00:21"]
[PlyCount "73"]
[TimeControl "2400+10"]

1. e4 e5 2. f4 Nc6 3. Nf3 exf4 4. d4 Nf6 5. Nc3 d5 6. e5 Ne4 7. Bxf4 Nxc3 8.
bxc3 Be7 9. Bd3 O-O 10. O-O Bg4 11. Qe1 Bxf3 12. Rxf3 Bh4 13. Qd2 Na5 14.
Rh3 Nc4 15. Qe2 g6 16. Bxc4 c6 17. Bd3 Qb6 18. Rxh4 Qd8 19. Rh3 Qe7 20. Rf1
Rae8 21. Bh6 b5 22. Rhf3 Qh4 23. Bxf8 Rxf8 24. Rf6 b4 25. Qf3 g5 26. Rxf7 g4
27. Bxh7+ Kh8 28. Qf6+ Qxf6 29. R1xf6 Rxf7 30. Rxf7 b3 31. cxb3 a5 32. Bf5
Kg8 33. Rc7 g3 34. hxg3 c5 35. e6 Kf8 36. e7+ Ke8 37. Bg6# {Black
checkmated} 1-0

[Event "ICC tourney 2834 (40 10)"]
[Site "Internet Chess Club"]
[Date "2022.02.26"]
[Round "1"]
[White "HUANG, BRIAN:Checkmater2228"]
[Black "BOGIN, THEODORE:tbogin1"]
[Result "0-1"]
[ICCResult "White checkmated"]
[WhiteElo "857"]
[BlackElo "1339"]
[Opening "Sicilian defense"]
[ECO "B20"]
[NIC "SI.48"]
[Time "11:00:22"]
[PlyCount "74"]
[TimeControl "2400+10"]

1. e4 c5 2. Bc4 d6 3. d3 Nf6 4. Bf4 e5 5. Bg5 Be7 6. Nf3 Be6 7. Bxe6 fxe6 8.
Nc3 Nc6 9. O-O O-O 10. Rb1 h6 11. Bxf6 Bxf6 12. a3 Nd4 13. Nxd4 exd4 14. Ne2
d5 15. f4 dxe4 16. dxe4 e5 17. f5 Bg5 18. Kh1 Be3 19. Ng3 b5 20. Rf3 c4 21.
c3 a5 22. b3 cxb3 23. Qxb3+ Kh8 24. Qxb5 Rb8 25. Qf1 Rxb1 26. Qxb1 Bf4 27.
Nh5 Qb8 28. Qe1 dxc3 29. Rxc3 Bg5 30. Rc5 Qb2 31. h3 Rd8 32. Qxa5 Rd1+ 33.
Kh2 Rd2 34. Rc8+ Kh7 35. Kh1 Rxg2 36. Qe1 Rh2+ 37. Kg1 Qg2# {White
checkmated} 0-1

[Event "ICC tourney 2834 (40 10)"]
[Site "Internet Chess Club"]
[Date "2022.02.26"]
[Round "1"]
[White "PADIYAR, SUNMAY:sunmay12"]
[Black "DING, OLIVIA:antpower0"]
[Result "1-0"]
[ICCResult "Black checkmated"]
[WhiteElo "1320"]
[BlackElo "814"]
[Opening "Sicilian: Alapin's variation (2.c3)"]
[ECO "B22"]
[NIC "SI.46"]
[Time "11:00:23"]
[PlyCount "49"]
[TimeControl "2400+10"]

1. e4 c5 2. c3 d6 3. Nf3 Nf6 4. Na3 e6 5. Be2 Be7 6. O-O O-O 7. Qc2 Bd7 8.
d4 Nc6 9. e5 dxe5 10. dxe5 Nd5 11. Bd3 g6 12. Bh6 Re8 13. Rae1 a6 14. Re4
Qc7 15. Rfe1 Rad8 16. Rg4 Kh8 17. Ng5 Bxg5 18. Bxg5 Rc8 19. Rh4 Nxe5 20. c4
Nb4 21. Bf6+ Kg8 22. Qd2 Ng4 23. Rxg4 Re7 24. Qh6 Nxd3 25. Qg7#
{Black checkmated}
1-0

[Event "ICC tourney 2834 (40 10)"]
[Site "Internet Chess Club"]
[Date "2022.02.26"]
[Round "1"]
[White "PARAGUA, MEGAN ALTHEA:PrincessOfChess"]
[Black "LIN, CARL:K01-17110834"]
[Result "1-0"]
[ICCResult "Black resigns"]
[WhiteElo "1490"]
[BlackElo "1213"]
[Opening "Center game: Paulsen attack"]
[ECO "C22"]
[NIC "KP.04"]
[Time "11:00:34"]
[PlyCount "59"]
[TimeControl "2400+10"]

1. e4 e5 2. d4 exd4 3. Qxd4 Nc6 4. Qe3 d6 5. Nc3 Nf6 6. Bd2 Be6 7. O-O-O Qe7
8. Bb5 Bd7 9. Nge2 a6 10. Ba4 Ne5 11. Bb3 Nc6 12. Nf4 Ng4 13. Qg3 O-O-O 14.
Nfd5 Qe8 15. f3 Nge5 16. Be3 Kb8 17. Rhe1 Ng6 18. Qf2 Be7 19. Ba4 Rc8 20.
Kb1 f6 21. Ne2 Qf7 22. Nd4 Nce5 23. Bb3 Qe8 24. Nf5 Bxf5 25. exf5 Nf8 26. f4
Ng4 27. Qg3 Nh6 28. Nxe7 Ka8 29. Nxc8 Qxc8 30. Qxg7 {Black resigns} 1-0

[Event "ICC tourney 2834 (40 10)"]
[Site "Internet Chess Club"]
[Date "2022.02.26"]
[Round "1"]
[White "WESLEY, GEORGE:Maglars"]
[Black "SISTA, SAI VIJAY HIMAGHNA:Chessboy5"]
[Result "0-1"]
[ICCResult "White checkmated"]
[WhiteElo "1132"]
[BlackElo "1394"]
[Opening "English opening"]
[ECO "A16"]
[NIC "EO.64"]
[Time "11:00:24"]
[PlyCount "62"]
[TimeControl "2400+10"]

1. c4 Nf6 2. Nc3 g6 3. g3 Bg7 4. Bg2 Nc6 5. e3 d6 6. d4 Bd7 7. Nf3 O-O 8.
O-O Qc8 9. Re1 Bh3 10. Bh1 h6 11. e4 e5 12. d5 Nb8 13. Bg2 Bxg2 14. Kxg2
Nbd7 15. b4 a5 16. Rb1 axb4 17. Rxb4 Nc5 18. a3 Nfd7 19. Bb2 Nb6 20. Nb5 Na6
21. Rb3 Nxc4 22. Bc3 Nc5 23. Rb4 Nxa3 24. Nxa3 Rxa3 25. Bb2 Rd3 26. Qc2 f5
27. Nd2 fxe4 28. Nxe4 Nxe4 29. Qxd3 Rxf2+ 30. Kg1 Qh3 31. Qf1 Qxh2#
{White checkmated}
0-1

[Event "ICC tourney 2834 (40 10)"]
[Site "Internet Chess Club"]
[Date "2022.02.26"]
[Round "1"]
[White "CAI, ALAN ZHUOCHENG:flying-ninja"]
[Black "ASHOK, AMUDHAN:amudhanashok"]
[Result "1-0"]
[ICCResult "Black resigns"]
[WhiteElo "1344"]
[BlackElo "950"]
[Opening "Ruy Lopez: Nuremberg variation"]
[ECO "C60"]
[NIC "RL.01"]
[Time "11:00:19"]
[PlyCount "56"]
[TimeControl "2400+10"]

1. e4 e5 2. Nf3 Nc6 3. Bb5 f6 4. O-O d6 5. c3 Bd7 6. d4 a6 7. Ba4 Nge7 8.
Re1 g6 9. Be3 Bg7 10. Qd2 h6 11. Bb3 f5 12. exf5 gxf5 13. dxe5 dxe5 14. Bc5
Ng6 15. Qd5 Qf6 16. Qd2 O-O-O 17. Qc2 Rhe8 18. Nbd2 h5 19. Rad1 Bh6 20. Nc4
e4 21. Nd4 Nxd4 22. Bxd4 Qg5 23. Nb6+ cxb6 24. Bxb6 f4 25. Bxd8 f3 26. Bxg5
Re5 27. Bxh6 Nh4 28. g3 Ng2 {Black resigns} 1-0

[Event "ICC tourney 2834 (40 10)"]
[Site "Internet Chess Club"]
[Date "2022.02.26"]
[Round "1"]
[White "Mishra, Aakash:ttpq52"]
[Black "JACOBS, STEVE:Steviejay"]
[Result "0-1"]
[ICCResult "White resigns"]
[WhiteElo "410"]
[BlackElo "1229"]
[Opening "Caro-Kann: advance variation"]
[ECO "B12"]
[NIC "CK.04"]
[Time "11:00:42"]
[PlyCount "112"]
[TimeControl "2400+10"]

1. e4 c6 2. d4 d5 3. e5 Bf5 4. Nc3 e6 5. Bd3 Bxd3 6. Qxd3 c5 7. Qb5+ Qd7 8.
dxc5 Qc6 9. Qxc6+ bxc6 10. b4 Nd7 11. Nf3 g6 12. O-O Bg7 13. Bf4 Ne7 14.
Rfe1 O-O 15. Bg5 Nf5 16. Rad1 h6 17. Bf4 g5 18. Bg3 Rfb8 19. Rb1 a6 20. a4
Ra7 21. b5 axb5 22. axb5 cxb5 23. Rxb5 Rc8 24. h3 Rxc5 25. Rxc5 Nxc5 26. Nb5
Ra2 27. Rc1 Ne4 28. Nbd4 Nfxg3 29. fxg3 Nxg3 30. c4 dxc4 31. Rxc4 Ra1+ 32.
Kf2 Ne4+ 33. Ke3 Ng3 34. Nb3 Ra3 35. Kf2 Rxb3 36. Kxg3 Bxe5+ 37. Kg4 Bg7 38.
Kh5 Rb2 39. Rg4 f5 40. Ra4 Rb8 41. Ra6 e5 42. Ra7 Re8 43. Kg6 Re6+ 44. Kxf5
Re8 45. Kg6 Re6+ 46. Kf5 Re8 47. Kg6 Bf8 48. Ra5 e4 49. Ng1 e3 50. Rb5 e2
51. Nxe2 Rxe2 52. g4 Re3 53. h4 gxh4 54. Rh5 h3 55. Kf5 Rb3 56. Kf4 Bd6+
{White resigns}
0-1

[Event "ICC tourney 2834 (40 10)"]
[Site "Internet Chess Club"]
[Date "2022.02.26"]
[Round "1"]
[White "STONE, GILBERT L:tightfist"]
[Black "WU, DARREN:chessboy111"]
[Result "0-1"]
[ICCResult "White resigns"]
[WhiteElo "1317"]
[BlackElo "768"]
[Opening "Queen's pawn game"]
[ECO "D05"]
[NIC "QP.09"]
[Time "11:00:53"]
[PlyCount "138"]
[TimeControl "2400+10"]

1. Nf3 d5 2. d4 e6 3. e3 Nf6 4. Bd3 h6 5. O-O Be7 6. c4 O-O 7. Nc3 a6 8. Qb3
dxc4 9. Bxc4 b5 10. Be2 Bb7 11. Bd2 c5 12. Rfd1 c4 13. Qc2 Nc6 14. a3 Rc8
15. Ne4 Nxe4 16. Qxe4 Na5 17. Qc2 Nb3 18. Ra2 Re8 19. a4 Qb6 20. Ne5 Red8
21. Bf3 Bxf3 22. Nxf3 Bf6 23. axb5 axb5 24. Bb4 Ra8 25. Ra3 Rxa3 26. bxa3
Ra8 27. Nd2 Nxd2 28. Qxd2 Rc8 29. Rc1 Qc6 30. Bc5 Rd8 31. Qb4 e5 32. Be7 Rd5
33. Bxf6 Qxf6 34. dxe5 Rxe5 35. Qc3 Rf5 36. Qxf6 Rxf6 37. Rb1 Rb6 38. Kf1
Kf8 39. Ke2 Ke7 40. Kd2 Kd6 41. Kc3 Kc5 42. Rd1 b4+ 43. axb4+ Rxb4 44. Rd8
Rb3+ 45. Kc2 Rb7 46. Rc8+ Kb5 47. Kc3 Ra7 48. Rxc4 Ra3+ 49. Kb2 Kxc4 50.
Kxa3 Kd3 51. Kb3 Ke2 52. g4 Kxf2 53. e4 Kf3 54. e5 Kxg4 55. Kc4 Kf5 56. Kd4
g5 57. h3 h5 58. Kd5 g4 59. hxg4+ hxg4 60. Kd4 g3 61. Ke3 Kxe5 62. Kf3 f5
63. Kxg3 Ke4 64. Kf2 Kf4 65. Kf1 Kf3 66. Kg1 Ke2 67. Kg2 f4 68. Kg1 f3 69.
Kh1 f2 {White resigns} 0-1

[Event "ICC tourney 2834 (40 10)"]
[Site "Internet Chess Club"]
[Date "2022.02.26"]
[Round "1"]
[White "QIAO, RICHARDSON JINGSI:Richardsonqiao"]
[Black "Pao, Hobart:hhp2122"]
[Result "1-0"]
[ICCResult "Black resigns"]
[WhiteElo "495"]
[BlackElo "1285"]
[Opening "French: advance, Milner-Barry gambit"]
[ECO "C02"]
[NIC "FR.03"]
[Time "11:00:29"]
[PlyCount "151"]
[TimeControl "2400+10"]

1. e4 e6 2. d4 d5 3. e5 c5 4. c3 Nc6 5. Nf3 Qb6 6. Bd3 cxd4 7. cxd4 Bd7 8.
Bc2 Bb4+ 9. Nc3 Nge7 10. O-O O-O 11. Bg5 Bxc3 12. bxc3 Rac8 13. Rc1 h6 14.
Bh4 Ng6 15. Bxg6 fxg6 16. Rb1 Qa6 17. a4 g5 18. Bg3 Ne7 19. Qb3 Bxa4 20.
Qxb7 Qxb7 21. Rxb7 Nf5 22. Rc1 g4 23. Nh4 Nxd4 24. Rb2 Bb5 25. Ng6 Ne2+ 26.
Rxe2 Bxe2 27. Nxf8 Kxf8 28. h3 gxh3 29. gxh3 g5 30. f4 Ke7 31. Kf2 Bc4 32.
fxg5 hxg5 33. Ke3 a5 34. h4 gxh4 35. Bxh4+ Kd7 36. Ra1 Ra8 37. Kd4 Kc6 38.
Be7 Kb5 39. Bb4 axb4 40. Rxa8 b3 41. Rb8+ Ka5 42. Rb4 Ka6 43. Kc5 Ka5 44.
Rb8 Ka6 45. Rb4 Ka5 46. Kd4 Ka6 47. Ke3 Ka5 48. Kd2 Ka6 49. Kc1 Ka5 50. Kb2
Ka6 51. Ka3 Ka5 52. Rb8 Ka6 53. Re8 Kb5 54. Re7 Kc5 55. Rxe6 d4 56. cxd4+
Kxd4 57. Re8 Kc3 58. Rb8 Kd4 59. Re8 Kc3 60. e6 b2 61. Rb8 Bxe6 62. Rxb2 Kd4
63. Rc2 Kd3 64. Rc6 Bd5 65. Rd6 Kd4 66. Kb4 Ke5 67. Kc5 Be4 68. Rd8 Kf4 69.
Re8 Bf5 70. Kd4 Kg5 71. Rf8 Kf4 72. Kd5 Kg5 73. Ke5 Bg6 74. Rg8 Kh6 75. Kf6
Kh7 76. Rxg6 {Black resigns} 1-0

[Event "ICC tourney 2834 (40 10)"]
[Site "Internet Chess Club"]
[Date "2022.02.26"]
[Round "1"]
[White "BIRUDAVOLU, SATHVIK:Vikki24"]
[Black "Francis-Emonds, Nico Maximilian:nemonds9"]
[Result "0-1"]
[ICCResult "White checkmated"]
[WhiteElo "1069"]
[BlackElo "1365"]
[Opening "Scandinavian (center counter) defense"]
[ECO "B01"]
[NIC "VO.17"]
[Time "11:00:28"]
[PlyCount "122"]
[TimeControl "2400+10"]

1. e4 d5 2. e5 c5 3. Nf3 e6 4. a3 g6 5. Bb5+ Bd7 6. Bxd7+ Nxd7 7. O-O Bg7 8.
Re1 Ne7 9. d3 Nc6 10. Bf4 Qc7 11. Kh1 O-O 12. Bg3 b5 13. Nc3 a6 14. Rb1 d4
15. Na2 Rae8 16. Kg1 Ndxe5 17. Nxe5 Bxe5 18. Bxe5 Nxe5 19. h3 Nc6 20. Qd2 e5
21. f3 Ne7 22. Re2 Nd5 23. Ree1 f5 24. c3 dxc3 25. bxc3 Rd8 26. Kh1 Rd7 27.
Qc2 Rfd8 28. Rbd1 Nb6 29. Nc1 c4 30. d4 exd4 31. cxd4 Rxd4 32. Rxd4 Rxd4 33.
Re8+ Kf7 34. Qe2 Qd6 35. g3 Rd1+ 36. Kg2 Rd2 37. Kf1 Rxe2 38. Rxe2 Qd1+ 39.
Re1 Qxf3+ 40. Kg1 Qxg3+ 41. Kf1 Qxh3+ 42. Kf2 Qxa3 43. Rd1 Qb2+ 44. Ke1 Qc2
45. Ne2 b4 46. Nd4 Qe4+ 47. Kf1 Nd5 48. Ne2 Ne3+ 49. Ke1 Nxd1 50. Kxd1 c3
51. Nc1 a5 52. Nb3 a4 53. Na1 Qb1+ 54. Ke2 Qxa1 55. Kd3 Qd1+ 56. Kc4 c2 57.
Kxb4 c1=Q 58. Ka5 Qc5+ 59. Ka6 Qdd6+ 60. Kb7 Qcc7+ 61. Ka8 Qdd8#
{White checkmated}
0-1

[Event "ICC tourney 2834 (40 10)"]
[Site "Internet Chess Club"]
[Date "2022.02.26"]
[Round "1"]
[White "Lin, James:MeLikeGame"]
[Black "THAPER, RISHUBH:MajorKey"]
[Result "1-0"]
[ICCResult "Black resigns"]
[WhiteElo "1392"]
[BlackElo "1123"]
[Opening "Caro-Kann: advance variation"]
[ECO "B12"]
[NIC "CK.04"]
[Time "11:00:24"]
[PlyCount "97"]
[TimeControl "2400+10"]

1. e4 c6 2. d4 d5 3. e5 Bf5 4. Nd2 e6 5. Nb3 Nd7 6. Nf3 c5 7. c3 h6 8. a4 a5
9. Be2 Ne7 10. O-O Nc6 11. Ne1 Qb6 12. f4 cxd4 13. cxd4 Bb4 14. Be3 Rc8 15.
Bd3 Bxe1 16. Bxf5 exf5 17. Rxe1 Nb4 18. Rc1 Rxc1 19. Nxc1 O-O 20. Nd3 Nc6
21. Qe2 Ne7 22. Rc1 Rc8 23. Rxc8+ Nxc8 24. Qc2 Ne7 25. Qc3 f6 26. Bd2 fxe5
27. fxe5 Nc6 28. Be3 g5 29. Ne1 f4 30. Bf2 Kf7 31. Nc2 Nf8 32. b3 Ng6 33.
Qd3 Nb4 34. Qf5+ Kg7 35. Nxb4 Qxb4 36. e6 Qe7 37. Qxd5 Kf6 38. Qxa5 Qxe6 39.
d5 Qe5 40. Qb6+ Kf5 41. Qd4 Qd6 42. Qd3+ Kf6 43. Bd4+ Kf7 44. Qf5+ Ke7 45.
Qe4+ Kf7 46. Bf2 Kf6 47. b4 Kf7 48. Qf5+ Ke7 49. Bc5 {Black resigns} 1-0

[Event "ICC tourney 2834 (40 10)"]
[Site "Internet Chess Club"]
[Date "2022.02.26"]
[Round "1"]
[White "JIMENEZ, LUIS A:eltuna"]
[Black "LAIDO, MATTHEW:Dabao"]
[Result "1-0"]
[ICCResult "Black checkmated"]
[WhiteElo "1440"]
[BlackElo "1137"]
[Opening "Queen's pawn game, Chigorin variation"]
[ECO "A04"]
[NIC "QP.11"]
[Time "11:00:30"]
[PlyCount "89"]
[TimeControl "2400+10"]

1. Nf3 Nc6 2. d4 d5 3. b3 Nf6 4. Bb2 Bf5 5. a3 e6 6. e3 Bd6 7. Nh4 Bg6 8.
Nxg6 hxg6 9. h3 Qe7 10. Nd2 O-O-O 11. c4 Rhe8 12. c5 Bxc5 13. dxc5 Qxc5 14.
Qc1 Qd6 15. Bb5 Nd7 16. Bxc6 bxc6 17. O-O e5 18. Qc3 f6 19. Rac1 c5 20. b4
c4 21. e4 c6 22. Rfd1 Nb6 23. exd5 cxd5 24. Qd3 g5 25. Nxc4 Nxc4 26. Rxc4+
Kb7 27. Rc5 d4 28. Rb5+ Kc7 29. Rc1+ Kd7 30. Rb7+ Ke6 31. Qc4+ Qd5 32. Qxd5+
Rxd5 33. Rc6+ Kf5 34. Rxa7 d3 35. Bc3 g6 36. Raa6 Rf8 37. Rd6 Rd8 38. Rxf6+
Ke4 39. Bd2 Rc8 40. Rfc6 Rf8 41. Rxg6 Rc8 42. Rgc6 Rf8 43. f3+ Kd4 44. Kf2
e4 45. Bc3# {Black checkmated} 1-0

[Event "ICC tourney 2834 (40 10)"]
[Site "Internet Chess Club"]
[Date "2022.02.26"]
[Round "2"]
[White "ZIESLER, GAVIN:GavinZ"]
[Black "ZHOU, ALEXANDER ZHENG:Lailaiking"]
[Result "0-1"]
[ICCResult "White checkmated"]
[WhiteElo "460"]
[BlackElo "1109"]
[Opening "French: Steinitz attack"]
[ECO "C00"]
[NIC "FR.01"]
[Time "13:15:40"]
[PlyCount "66"]
[TimeControl "2400+10"]

1. e4 e6 2. e5 Nc6 3. Nf3 d6 4. exd6 cxd6 5. Ng5 Qxg5 6. d3 Qd8 7. Nc3 Nf6
8. Bg5 Be7 9. Bxf6 Bxf6 10. Ne4 Bxb2 11. Qh5 Bxa1 12. Ng5 Qf6 13. h4 Qe5+
14. Be2 Qf6 15. Rh3 Qg6 16. Qxg6 hxg6 17. Rf3 Bf6 18. g3 Bxg5 19. hxg5 Nd4
20. Re3 Nxe2 21. Rxe2 Ke7 22. d4 Bd7 23. d5 e5 24. f4 f6 25. fxe5 fxe5 26.
c3 Rh1+ 27. Kd2 Rah8 28. a4 R8h2 29. Rxh2 Rxh2+ 30. Kd3 Bxa4 31. c4 Rg2 32.
Ke4 Rxg3 33. c5 Bc2# {White checkmated} 0-1

[Event "ICC tourney 2834 (40 10)"]
[Site "Internet Chess Club"]
[Date "2022.02.26"]
[Round "2"]
[White "Rastogi, Viraj:masterviraj"]
[Black "Pe, Joe Mari:jmpe"]
[Result "0-1"]
[ICCResult "White checkmated"]
[WhiteElo "716"]
[BlackElo "1377"]
[Opening "Sicilian defense"]
[ECO "B30"]
[NIC "SI.31"]
[Time "13:15:51"]
[PlyCount "74"]
[TimeControl "2400+10"]

1. e4 c5 2. Nf3 Nc6 3. Bc4 d6 4. d4 cxd4 5. Nxd4 Bd7 6. Be3 g6 7. Nc3 Bg7 8.
Nxc6 bxc6 9. Qf3 Nf6 10. O-O Qc7 11. Rac1 Rb8 12. b3 Qa5 13. Bd2 O-O 14.
Rfd1 Bg4 15. Qe3 Bxd1 16. Rxd1 Ng4 17. Qf3 Ne5 18. Qe2 h5 19. Na4 Qc7 20.
Qe1 Nxc4 21. bxc4 Qb7 22. c5 Qb5 23. Nc3 Qxc5 24. Na4 Qxc2 25. Nc3 Rb2 26.
Rc1 Qxd2 27. Qf1 Bxc3 28. Rd1 Qe2 29. g3 Rfb8 30. Qxe2 Rxe2 31. Rc1 Bd4 32.
Rf1 Rbb2 33. Re1 Bxf2+ 34. Kf1 Bxe1 35. Kg1 Rxh2 36. g4 Bg3 37. e5 Rb1#
{White checkmated}
0-1

[Event "ICC tourney 2834 (40 10)"]
[Site "Internet Chess Club"]
[Date "2022.02.26"]
[Round "2"]
[White "THAPER, RISHUBH:MajorKey"]
[Black "Mishra, Aakash:ttpq52"]
[Result "1-0"]
[ICCResult "Black resigns"]
[WhiteElo "1123"]
[BlackElo "410"]
[Opening "QGD Slav: 4.e3 Bf5"]
[ECO "D12"]
[NIC "QP.08"]
[Time "13:15:29"]
[PlyCount "40"]
[TimeControl "2400+10"]

1. d4 d5 2. Nf3 Nf6 3. e3 Bf5 4. c4 c6 5. Nc3 e6 6. Qb3 Bd6 7. Qxb7 Nbd7 8.
Qxc6 Bb4 9. Bd2 Bxc3 10. Bxc3 Rc8 11. Qa4 Rxc4 12. Bxc4 dxc4 13. Qxc4 O-O
14. Nd2 Qb8 15. Qb3 Qc7 16. O-O Ne8 17. Rac1 Qd6 18. Bb4 Qb8 19. Bxf8 Qxb3
20. Nxb3 Kxf8 {Black resigns} 1-0

[Event "ICC tourney 2834 (40 10)"]
[Site "Internet Chess Club"]
[Date "2022.02.26"]
[Round "2"]
[White "FILOSOFOV, VASILII:Filosofov"]
[Black "TOPA, RONALD:RonTopa"]
[Result "1-0"]
[ICCResult "Black checkmated"]
[WhiteElo "1379"]
[BlackElo "1228"]
[Opening "Philidor: exchange variation"]
[ECO "C41"]
[NIC "KP.08"]
[Time "13:15:23"]
[PlyCount "71"]
[TimeControl "2400+10"]

1. e4 e5 2. Nf3 d6 3. d4 exd4 4. Nxd4 Nf6 5. Nc3 Nc6 6. Bc4 Nxd4 7. Qxd4 Be7
8. O-O O-O 9. Re1 Be6 10. Bg5 Bxc4 11. Qxc4 h6 12. Bh4 Re8 13. e5 dxe5 14.
Rxe5 Bd6 15. Rxe8+ Qxe8 16. Bxf6 gxf6 17. Nd5 Qe5 18. g3 c6 19. Nc3 Qc5 20.
Qg4+ Qg5 21. Qd7 Bc5 22. Qxb7 Re8 23. Qxc6 Bb6 24. Qxe8+ Kg7 25. Re1 Qd2 26.
Qe2 Qd4 27. h3 Ba5 28. Qg4+ Qxg4 29. hxg4 Kg6 30. Kg2 Kg5 31. f4+ Kg6 32.
Rh1 Bb6 33. Nd5 Bd4 34. Ne7+ Kg7 35. Nf5+ Kg6 36. Rxh6# {Black checkmated}
1-0

[Event "ICC tourney 2834 (40 10)"]
[Site "Internet Chess Club"]
[Date "2022.02.26"]
[Round "2"]
[White "JAIN, PARINYA:StockAlpha2020"]
[Black "DATTA, GAURAV D:Geebz76"]
[Result "1-0"]
[ICCResult "Black checkmated"]
[WhiteElo "1478"]
[BlackElo "1285"]
[Opening "French: exchange variation"]
[ECO "C01"]
[NIC "FR.01"]
[Time "13:15:54"]
[PlyCount "47"]
[TimeControl "2400+10"]

1. e4 e6 2. d4 d5 3. exd5 exd5 4. c4 Nf6 5. Nc3 Bg4 6. Qb3 Qe7+ 7. Be3 c6 8.
cxd5 cxd5 9. Bb5+ Nbd7 10. Bxd7+ Qxd7 11. Nge2 Be7 12. O-O O-O 13. Nf4 Be6
14. Rac1 Bd6 15. Nb5 a6 16. Nxd6 Qxd6 17. Nd3 b5 18. Bf4 Qd7 19. Rc7 Qd8 20.
Nc5 Nh5 21. Be5 Re8 22. Qf3 g6 23. Nxe6 Rxe6 24. Qxf7# {Black checkmated}
1-0